 Dungeon Crawl Stone Soup version 0.28-a0-819-g6ef7baa362 (webtiles) character file.

Game seed: 16322583492320693857

19936 Rennog the Thaumaturge (level 12, -2/104 HPs)
             Began as a Demigod Fire Elementalist on Nov 8, 2021.
             Slain by a vampire (10 damage)
             ... on level 12 of the Dungeon.
             The game lasted 00:31:33 (17308 turns).

Rennog the Thaumaturge (Demigod Fire Elementalist) Turns: 17308, Time: 00:31:34

Health: -2/104     AC:  3    Str: 17    XL:     12   Next: 12%
Magic:  4/31       EV: 15    Int: 25    God:
Gold:   806        SH:  5    Dex: 14    Spells: 17/32 levels left

rFire   + + .      SeeInvis .   S - +5 sword of Power {vorpal}
rCold   + . .      Faith    .   (shield currently unavailable)
rNeg    . . .      Spirit   .   T - +1 robe {Archmagi}
rPois   .          Reflect  +   (no helmet)
rElec   .          Harm     .   N - scarf {rC+ rF+}
rCorr   .          Rampage  .   (no gloves)
Will    +....      Archmagi +   (no boots)
Stlth   ++........              p - amulet of reflection
HPRegen 0.27/turn               C - +4 ring of slaying
MPRegen 0.22/turn               w - ring of protection from fire

@: about to teleport
A: high mp 1, forlorn
a: no special abilities


You were on level 12 of the Dungeon.
You visited 2 branches of the dungeon, and saw 13 of its levels.

You collected 932 gold pieces.
You spent 126 gold pieces at shops.

Inventory:

Hand Weapons
 l - a +0 short sword
 K - a +0 scimitar of flaming
 S - the +5 sword of Power (weapon) {vorpal}
   (You found it on level 11 of the Dungeon)

   It inflicts extra damage upon your enemies.
   It occasionally discharges a powerful but inaccurate bolt of energy upon
   striking a foe, with increased chance the greater the wielder's current
   health.
Missiles
 L - 2 throwing nets
Armour
 a - a +0 robe
 c - a scarf of repulsion
 B - +0 steam dragon scales
 N - a scarf of resistance (worn)
 T - a +1 robe of the Archmagi (worn)
Jewellery
 p - an amulet of reflection (around neck)
 u - an amulet of the acrobat
 w - a ring of protection from fire (right hand)
 C - a +4 ring of slaying (left hand)
 R - a ring of fire
Wands
 o - a wand of polymorph (17)
 q - a wand of digging (4)
 s - a wand of flame (13)
 I - a wand of iceblast (10)
 J - a wand of paralysis (9)
Scrolls
 b - 2 scrolls of teleportation
 d - 3 scrolls of vulnerability {unknown}
 e - 5 scrolls of amnesia {unknown}
 h - a scroll of acquirement {unknown}
 k - 10 scrolls of identify {unknown}
 m - a scroll of silence {unknown}
 r - a scroll of blinking
 t - a scroll of brand weapon {unknown}
 v - 2 scrolls of magic mapping {unknown}
 x - 6 scrolls of immolation {unknown}
 y - a scroll of torment {unknown}
 A - 2 scrolls of fear {unknown}
 D - 3 scrolls of noise {unknown}
 F - 2 scrolls of fog {unknown}
Potions
 f - 4 potions of curing
 g - a potion of degeneration {unknown}
 i - 2 potions of resistance {unknown}
 j - 2 potions of brilliance {unknown}
 n - 5 potions of lignification {unknown}
 z - a potion of flight {unknown}
 E - 2 potions of cancellation {unknown}
 G - 3 potions of might {unknown}
 H - a potion of berserk rage {unknown}
 M - a potion of mutation {unknown}
 O - a potion of invisibility {unknown}
 P - a potion of heal wounds {unknown}
 Q - 4 potions of ambrosia {unknown}


   Skills:
 - Level 9.3 Fighting
 - Level 7.2 Dodging
 - Level 1.7 Stealth
 * Level 10.8 Spellcasting
 - Level 4.9 Conjurations
 * Level 2.7 Summonings
 - Level 3.4 Translocations
 - Level 7.6 Fire Magic


You had 17 spell levels left.
You knew the following spells:

 Your Spells              Type           Power      Damage    Failure   Level
a - Foxfire               Conj/Fire      100%       2x1d9     1%          1
b - Scorch                Fire           100%       2d10      1%          2
c - Conjure Flame         Conj/Fire      61%        6-21      1%          3
d - Blink                 Tloc           92%        N/A       1%          2
e - Flame Wave            Conj/Fire      61%        3d11      3%          4
f - Stone Arrow           Conj/Erth      76%        3d11      4%          3

Your spell library contained the following spells:

 Spells                   Type           Power      Damage    Failure   Level
 Shock                    Conj/Air       100%       1d9       1%          1
 Inner Flame              Hex/Fire       48%        N/A       2%          3
 Ensorcelled Hibernation  Hex/Ice        40%        N/A       7%          2
 Iskenderun's Mystic Bla  Conj/Tloc      51%        2d11      8%          4
 Ozocubu's Armour         Ice            20%        N/A       14%         3
 Spider Form              Tmut/Pois      20%        N/A       14%         3
 Swiftness                Air            20%        N/A       14%         3
 Fulminant Prism          Conj/Hex       19%        3d11      16%         4
 Iskenderun's Battlesphe  Conj           55%        2d11      17%         5
 Animate Armour           Summ/Erth      60%        N/A       26%         4
 Summon Ice Beast         Ice/Summ       30%        N/A       26%         4
 Manifold Assault         Tloc           46%        N/A       30%         5
 Airstrike                Air            10%        N/A       41%         4
 Summon Mana Viper        Hex/Summ       30%        N/A       56%         5
 Lee's Rapid Deconstruct  Erth           10%        3d9*      77%         5
 Iron Shot                Conj/Erth      19%        9d4       94%         6
 Monstrous Menagerie      Summ           20%        N/A       100%        7
 Ozocubu's Refrigeration  Ice            10%        4d7       100%        7
 Spellforged Servitor     Conj/Summ      24%        N/A       100%        7
 Storm Form               Tmut/Air       10%        N/A       100%        7
 Lehudib's Crystal Spear  Conj/Erth      19%        10d6      100%        8


Dungeon Overview and Level Annotations

Branches:
Dungeon (12/15)            Temple (1/1) D:7            Lair (0/6) D:11
    Orc (0/2) D:11

Shops:
D:4 ?

Annotations:
D:4 Duvessa


Innate Abilities, Weirdness & Mutations

Your attributes grow dramatically as you level up.
You have an increased reservoir of magic. (+10% MP)
You shall have no god before yourself.


Message History

Your magical contamination has completely faded away.
You barely miss the vampire.
The vampire is heavily damaged.
The vampire barely misses you. The vampire misses you.
The vampire closely misses you. The vampire bites you!
The vampire draws strength from your injuries!
You closely miss the vampire.
The vampire is moderately damaged.
You block the vampire's attack. The vampire bites you.
The vampire draws strength from your injuries!
The vampire barely misses you. x2
You closely miss the vampire.
The vampire is moderately damaged.
You block the vampire's attack. The vampire closely misses you.
You hit the vampire.
The vampire is heavily damaged.
You block the vampire's attack. The vampire bites you!
The vampire draws strength from your injuries!
The vampire hits you! The vampire closely misses you.
You slash the vampire!
The vampire is almost destroyed.
The vampire mumbles some strange words.
The vampire flickers and vanishes!
Deactivating autopickup; reactivate with Ctrl-A.
Something hits you. Something bites you!
* * * LOW HITPOINT WARNING * * *
Something draws strength from your injuries!
You barely miss something. Something draws life force from you!
* * * LOW HITPOINT WARNING * * *
Something barely misses you. Something bites you.
* * * LOW HITPOINT WARNING * * *
Something draws strength from your injuries!
You feel better. Something barely misses you. Something bites you!
* * * LOW HITPOINT WARNING * * *
Something draws strength from your injuries!
As you read the scroll of teleportation, it crumbles to dust.
You feel strangely unstable. Something hits you!
* * * LOW HITPOINT WARNING * * *
Something bites you!
You die...

...... ..... . #... ..
#..# .. #).# . ##..##
##......##
...####....####.......#.
......{@..............#.
##.######............[#.
....................#.
#######.............#.
#.............##
#...............
#.............##
##.............#
#..#######.....#


There were no monsters in sight!

Vanquished Creatures
  Erolcha (D:12)
  Harold (D:8)
  Erica (D:8)
  7 two-headed ogres
  2 centaur warriors
  Nergalle (D:11)
  A manticore (D:11)
  A cyclops (D:11)
  Maurice (D:11)
  A gargoyle (D:11)
  3 kobold demonologists (D:10)
  A troll (D:6)
  A troll (shapeshifter) (D:11)
  A meliai (D:11)
  A hornet (D:8)
  Sigmund (D:4)
  A wraith (D:12)
  14 yaks
  2 wyverns
  5 humans (D:9)
  A basilisk (D:12)
  Grum (D:8)
  A steam dragon (D:6)
  Menkaure (D:4)
  An acid dragon (D:10)
  2 water moccasins
  6 black bears
  7 orc warriors
  2 ogres
  4 wolves (D:8)
  The ghost of lawman0 the Grasshopper, an amateur BaWr of Sif Muna (D:2)
  A necrophage (D:3)
  4 centaurs
  3 kobold brigands
  A phantom (D:6)
  Blork the orc (D:6)
  5 bullfrogs
  2 gnoll sergeants
  A scorpion (D:11)
  2 wyvern zombies
  Dowan (D:4)
  12 killer bees
  A howler monkey (D:4)
  A bullfrog zombie (D:6)
  2 centaur zombies
  4 hounds
  3 jellies
  3 centaur skeletons
  5 orc priests
  A bullfrog skeleton (D:3)
  3 iguanas
  8 orc wizards
  A killer bee zombie (D:5)
  3 hound skeletons (D:4)
  2 howler monkey zombies
  Robin (D:4)
  10 gnolls
  A howler monkey skeleton (D:3)
  4 adders
  2 white imps
  3 worms (D:3)
  A dart slug (D:1)
  22 orcs
  8 ball pythons
  4 bats
  9 endoplasms
  4 giant cockroaches
  17 goblins
  18 hobgoblins
  2 jackals (D:1)
  4 quokkas
  4 frilled lizards
  15 kobolds
  2 rats (D:1)
275 creatures vanquished.

Vanquished Creatures (collateral kills)
  11 foxfires (D:11)
11 creatures vanquished.

Vanquished Creatures (others)
  A wizard (D:5)
  735 foxfires
  11 fungi (D:11)
  9 plants (D:11)
756 creatures vanquished.

Grand Total: 1042 creatures vanquished

Notes
Turn   | Place    | Note
-------+----------+-------------------------------------------
     0 | D:1      | Rennog the Demigod Fire Elementalist began the quest for
                  | the Orb.
     0 | D:1      | Reached XP level 1. HP: 14/14 MP: 5/5
   117 | D:1      | Reached skill level 1 in Conjurations
   222 | D:1      | Reached skill level 2 in Spellcasting
   303 | D:1      | Reached XP level 2. HP: 20/20 MP: 0/7
   536 | D:1      | Learned a level 2 spell: Scorch
  1714 | D:2      | Reached XP level 3. HP: 24/26 MP: 1/9
  2566 | D:3      | Reached XP level 4. HP: 27/33 MP: 1/10
  3047 | D:3      | Found a runed translucent gate.
  3047 | D:3      | Found a runed translucent gate.
  3049 | D:3      | Found a runed translucent gate.
  3250 | D:3      | Noticed lawman0's ghost (amateur BaWr)
  3548 | D:3      | Noticed a black bear
  3557 | D:3      | Killed a black bear
  3558 | D:3      | Reached skill level 3 in Spellcasting
  3558 | D:3      | Reached XP level 5. HP: 38/38 MP: 2/12
  4369 | D:2      | Killed lawman0's ghost
  4370 | D:2      | Reached XP level 6. HP: 9/45 MP: 1/14
  4612 | D:3      | Learned a level 3 spell: Conjure Flame
  4615 | D:3      | Learned a level 2 spell: Blink
  4676 | D:4      | Noticed Robin
  4695 | D:4      | Reached skill level 4 in Spellcasting
  4799 | D:4      | Killed Robin
  5028 | D:4      | Reached skill level 5 in Fire Magic
  5745 | D:4      | Reached XP level 7. HP: 26/50 MP: 3/17
  6041 | D:4      | Noticed Sigmund
  6061 | D:4      | Killed Sigmund
  6297 | D:4      | Reached skill level 5 in Spellcasting
  6569 | D:4      | Found Nisee's Magic Scroll Shop.
  6578 | D:4      | Bought a scroll of teleportation for 36 gold pieces
  6578 | D:4      | Bought a scroll of blinking for 90 gold pieces
  6659 | D:4      | Noticed Menkaure
  6659 | D:4      | Noticed Duvessa
  6659 | D:4      | Noticed Dowan
  6672 | D:4      | Killed Menkaure
  6683 | D:5      | Entered Level 5 of the Dungeon
  7043 | D:5      | Reached XP level 8. HP: 58/58 MP: 14/19
  7082 | D:5      | Reached skill level 1 in Fighting
  7335 | D:5      | Noticed a wizard
  7341 | D:5      | Killed a wizard
  7805 | D:6      | Noticed Blork the orc
  7845 | D:6      | Learned a level 4 spell: Flame Wave
  7897 | D:6      | Killed Blork the orc
  8058 | D:6      | Reached skill level 6 in Spellcasting
  8428 | D:6      | Noticed a troll
  8434 | D:6      | Killed a troll
  8572 | D:6      | Reached XP level 9. HP: 68/68 MP: 18/22
  9235 | D:4      | Killed Dowan
 10059 | D:7      | Found a staircase to the Ecumenical Temple.
 10603 | Temple   | Entered the Ecumenical Temple
 10696 | D:8      | Reached skill level 7 in Spellcasting
 10799 | D:8      | Noticed Grum
 10811 | D:8      | Killed Grum
 10958 | D:8      | Noticed a two-headed ogre
 10965 | D:8      | Killed a two-headed ogre
 11279 | D:8      | Noticed Erica
 11280 | D:8      | Reached skill level 5 in Fighting
 11283 | D:8      | Reached XP level 10. HP: 74/81 MP: 13/25
 11287 | D:8      | Killed Erica
 11288 | D:8      | Reached skill level 8 in Spellcasting
 11435 | D:8      | Noticed Harold
 11443 | D:8      | Killed Harold
 11444 | D:8      | Reached skill level 5 in Dodging
 12322 | D:9      | Noticed a two-headed ogre
 12328 | D:9      | Killed a two-headed ogre
 12638 | D:9      | Reached skill level 9 in Spellcasting
 12771 | D:9      | Noticed a two-headed ogre
 12780 | D:9      | Killed a two-headed ogre
 12781 | D:9      | Reached XP level 11. HP: 52/92 MP: 8/28
 13215 | D:10     | Entered Level 10 of the Dungeon
 13261 | D:10     | Noticed a centaur warrior
 13471 | D:9      | Killed a centaur warrior
 13672 | D:10     | Reached skill level 1 in Translocations
 13830 | D:10     | Noticed a centaur warrior
 13836 | D:10     | Killed a centaur warrior
 14538 | D:10     | Learned a level 3 spell: Stone Arrow
 14758 | D:11     | Found a staircase to the Lair.
 14823 | D:11     | Noticed a two-headed ogre
 14830 | D:11     | Killed a two-headed ogre
 14831 | D:11     | Reached skill level 10 in Spellcasting
 15164 | D:11     | Noticed Maurice
 15178 | D:11     | Killed Maurice
 15448 | D:11     | Noticed Nergalle
 15460 | D:11     | Killed Nergalle
 15721 | D:11     | Found the +5 sword of Power {vorpal}
 15756 | D:11     | Noticed a fire crab
 15765 | D:11     | a fire crab changed into a polar bear
 16635 | D:11     | Found a staircase to the Orcish Mines.
 16754 | D:12     | Noticed Erolcha
 16770 | D:12     | Killed Erolcha
 17052 | D:12     | Noticed a two-headed ogre
 17057 | D:12     | Killed a two-headed ogre
 17058 | D:12     | Reached skill level 1 in Summonings
 17058 | D:12     | Reached XP level 12. HP: 83/104 MP: 19/31
 17308 | D:12     | Slain by a vampire

Illustrated notes

Levels and vault maps discovered:
D:1:      heliophobic_arrival_henge, layout_basic
D:2:      layout_loops_corners
D:3:      layout_basic, gammafunk_ghost_necromancy, grunt_ministairs_3
D:4:      layout_basic, serial_shops, kennysheep_mini_moat, sigmund_army,
          uniq_robin, uniq_menkaure, uniq_duvessa
D:5:      layout_rooms, kennysheep_mini, trog_wizard,
          kennysheep_generic_room_13, uniq_sigmund
D:6:      minmay_opposing_rooms, layout_loops_ring, general_overflow_altar,
          mainiacjoe_overflow_cross_hatched, mainiacjoe_overflow_catwalk_spiral,
          uniq_blork_the_orc
D:7:      layout_cave_pods, overflow_temple_1_default,
          minmay_temple_entry_mini_moons, hangedman_decor_points
D:8:      layout_cave_pods, hangedman_abyss_or_decor_jellyfish_corner,
          uniq_erica, uniq_grum, uniq_harold
D:9:      layout_rooms, minmay_misc_feat_diagonals, minmay_ruffians
D:10:     layout_cross, cheibriados_altar_1, mainiacjoe_overflow_swirl,
          amcnicky_altar_gilded
D:11:     layout_loops_corners, grunt_lair_entry_orc_guard_hut, david_orc_4,
          wad_mini_maze, uniq_nergalle, uniq_maurice
D:12:     kennysheep_scales, layout_irregular_city, uniq_erolcha
Temple:   grunt_temple_mini_profane

Skill      XL: |  1  2  3  4  5  6  7  8  9 10 11 12 |
---------------+-------------------------------------+-----
Conjurations   | 1 2 3 4 |  4.9
Spellcasting   | 2 3 4 5 6 7 9 10 | 10.8
Fire Magic     | 3 4 5 6 7 |  7.6
Dodging        | 2 3 4 6 7 |  7.2
Fighting       | 2 5 7 9 |  9.3
Translocations | 3 |  3.4
Summonings     | 1 2 |  2.7
Stealth        | |  1.7

Action                   |  1- 3 |  4- 6 |  7- 9 | 10-12 || total
-------------------------+-------+-------+-------+-------++-------
Melee: Unarmed           |     9 |    14 |       |       ||    23
       Short sword       |       |    17 |     6 |       ||    23
       Scimitar          |       |       |       |     6 ||     6
       Great sword       |       |       |       |    12 ||    12
 Cast: Foxfire           |    61 |    53 |   197 |   135 ||   446
       Scorch            |    22 |    57 |    71 |    56 ||   206
       Conjure Flame     |       |     3 |       |       ||     3
       Flame Wave        |       |       |     5 |    36 ||    41
       Stone Arrow       |       |       |       |    31 ||    31
  Use: Scroll            |       |       |     1 |     1 ||     2
       Potion            |       |       |       |     1 ||     1
 Stab: Sleeping          |       |       |     1 |       ||     1
Armor: Robe              |    12 |    11 |    10 |       ||    33
       Steam dragon scal |       |       |     5 |    18 ||    23
Dodge: Dodged            |    19 |    46 |    24 |    99 ||   188
       Repelled          |       |       |     1 |     4 ||     5
Block: Other             |       |     7 |    18 |    21 ||    46
       Reflection        |       |       |     1 |     1 ||     2

Table legend: (Time is in decaauts)
 A = Elapsed time spent in this place.
 B = Non-inter-level travel time spent in this place.
 C = Inter-level travel time spent in this place.
 D = Time resting spent in this place.
 E = Time spent auto-exploring this place.
 F = Levels seen in this place.
 G = Mean time per level.
                   A        B        C        D        E       F      G
               +--------+--------+--------+--------+--------+-----+--------+
         Total |  17332 |  16551 |    781 |   1917 |  12784 |  13 | 1333.2 |
       Dungeon |  17331 |  16550 |    781 |   1917 |  12784 |  12 | 1444.2 |
        Temple |      1 |      1 |      0 |      0 |      0 |   1 |    1.0 |
               +--------+--------+--------+--------+--------+-----+--------+

Top non-repeatable levels by time:
    D:11: 2243 daAuts
     D:3: 2172 daAuts
     D:4: 1690 daAuts
     D:6: 1583 daAuts
     D:2: 1582 daAuts
     D:8: 1467 daAuts
     D:9: 1395 daAuts
     D:1: 1384 daAuts
     D:5: 1176 daAuts
     D:7: 1044 daAuts
    D:10: 1033 daAuts
    D:12: 556 daAuts
  Temple: 1 daAuts
